 Dungeon Crawl Stone Soup version 0.18.1-48-g4cf74bf (webtiles) character file.

42 tevo3000 the Gusty (level 3, -2/16 HPs)
             Began as a Vine Stalker Air Elementalist on Aug 26, 2016.
             Was an Initiate of Nemelex Xobeh.
             Slain by a worm (7 damage)
             ... on level 2 of the Dungeon.
             The game lasted 00:12:40 (774 turns).

tevo3000 the Gusty (Vine Stalker Air Elementalist)   Turns: 774, Time: 00:12:41

Health: -2/16      AC:  3    Str: 10    XL:     3   Next: 56%
Magic:  0/7        EV: 12    Int: 16    God:    Nemelex Xobeh [......]
Gold:   61         SH:  0    Dex: 14    Spells: 1 memorised, 5 levels left

rFire  . . .     SeeInvis .     (no weapon)
rCold  . . .     Gourm    .     a - +0 robe
rNeg   . . .     Faith    .     (no shield)
rPois  .         Spirit   +     (no helmet)
rElec  .         Dismiss  .     i - +0 cloak
rCorr  .         Reflect  .     (no gloves)
SustAt .         Harm     .     (no boots)
MR     .....                    (no amulet)
Stlth  ++........               (no ring)
                                (no ring)

@: very slightly contaminated, not resistant to hostile enchantments, unstealthy
A: fangs 2, regeneration 1, magic shield, antimagic bite, no device heal 3, rot
immunity
a: Renounce Religion


You were on level 2 of the Dungeon.
You worshipped Nemelex Xobeh.
Nemelex Xobeh was noncommittal.
You were hungry.

You visited 1 branch of the dungeon, and saw 2 of its levels.

You collected 61 gold pieces.

Inventory:

Hand Weapons
 d - a +0 short sword
 h - a +0 dagger
 k - a +0 whip
Armour
 a - a +0 robe (worn)
 i - a +0 cloak (worn)
Scrolls
 e - 2 scrolls of teleportation {unknown}
 f - a scroll of fear {unknown}
 g - a scroll of identify {unknown}
 l - 2 scrolls of enchant armour {unknown}
 m - a scroll of remove curse {unknown}
Potions
 n - a potion of might {unknown}
 o - a potion of degeneration {unknown}
 p - a potion of berserk rage {unknown}
Books
 b - a book of Air

   Spells                             Type                      Level
   a - Shock                          Conjuration/Air              1
   b - Swiftness                      Charms/Air                   2
   c - Repel Missiles                 Charms/Air                   2
   d - Static Discharge               Conjuration/Air              3
   e - Lightning Bolt                 Conjuration/Air              5
Miscellaneous
 q - a plain deck of war {drawn: 2}
Comestibles
 c - a bread ration
 j - a meat ration


   Skills:
 - Level 0.1 Fighting
 - Level 1.5 Dodging
 + Level 2.7 Stealth
 - Level 2.1 Spellcasting
 - Level 1.0 Conjurations
 * Level 4.3 Air Magic


You had 5 spell levels left.
You knew the following spells:

 Your Spells              Type           Power        Failure   Level  Hunger
a - Shock                 Conj/Air       ##..         10%         1    #......


Dungeon Overview and Level Annotations

Branches:
Dungeon (2/15)

Altars:
Nemelex Xobeh


Innate Abilities, Weirdness & Mutations

You have extremely sharp teeth.
Your natural rate of healing is unusually fast.
When hurt, damage is shared between your health and your magic reserves.
Your bite disrupts and absorbs the magic of your enemies.
Potions and wands cannot restore your health.
You are immune to rotting.


Message History

The zap hits the worm.
The worm is moderately wounded.
The jackal barely misses you.
The jackal bites you but does no damage.
The jackal barely misses you. The jackal barely misses you.
You closely miss the jackal.
The jackal is severely wounded.
The jackal closely misses you.
The jackal bites you but does no damage.
The worm bites you.
* * * LOW HITPOINT WARNING * * *
You hit the jackal. You bite the jackal, but do no damage.
The jackal is almost dead.
The jackal barely misses you.
You closely miss the jackal. Your bite misses the jackal.
The jackal is almost dead.
The jackal closely misses you. The worm bites you!
You die...
Your body disappears without a glow.

#####.#..#..#...####..
###...†...###.<....##..
..(.###...#####.##..#.#
##...(..........#
#.#.#######
######..#..#.#####...#...†..
##....## ...#......#####
#..#### ###)#......###
###.#######............##
#...##...@..†##...####..#
#.#####.####...wh.......#
#...$
#........(<........##...#
.....
#....#####.........##...#
...... #...##
#......._.#######...... #..
...........# #...... ..
............# #...... #
#.#....>.....# #......
....##.......#


You could see a worm and a jackal.

Vanquished Creatures
  An adder (D:2)
  An ooze (D:2)
  A giant gecko (D:1)
  A giant cockroach (D:2)
  3 goblins (D:1)
  4 hobgoblins
  7 kobolds
  5 bats
  2 giant newts
  3 rats
28 creatures vanquished.

Notes
Turn   | Place    | Note
--------------------------------------------------------------
     0 | D:1      | tevo3000 the Vine Stalker Air Elementalist began the quest for the Orb.
     0 | D:1      | Reached XP level 1. HP: 9/9 MP: 4/4
     2 | D:1      | Noticed a halfling
     4 | D:1      | Noticed a draconian
     6 | D:1      | Noticed an ogre
     6 | D:1      | Noticed a gargoyle
     8 | D:1      | Noticed a formicid
     8 | D:1      | Noticed a demigod
    10 | D:1      | Noticed a spriggan
    10 | D:1      | Noticed an octopode
    12 | D:1      | Noticed a merfolk
    12 | D:1      | Noticed a tengu
    14 | D:1      | Noticed a demonspawn
    16 | D:1      | Noticed a felid
    16 | D:1      | Noticed a troll
    18 | D:1      | Noticed an elf
    18 | D:1      | Noticed a minotaur
    23 | D:1      | Noticed a centaur
    23 | D:1      | Noticed a vine stalker
    25 | D:1      | Noticed a dwarf
    27 | D:1      | Noticed a human
    27 | D:1      | Noticed a ghoul
    29 | D:1      | Noticed a naga
    29 | D:1      | Noticed a vampire
   128 | D:1      | Reached XP level 2. HP: 13/13 MP: 1/6
   664 | D:2      | Found a sparkling altar of Nemelex Xobeh.
   665 | D:2      | Reached skill level 4 in Air Magic
   665 | D:2      | Reached XP level 3. HP: 11/16 MP: 2/7
   684 | D:2      | Became a worshipper of Nemelex Xobeh the Trickster
   729 | D:2      | Received a gift from Nemelex Xobeh
   774 | D:2      | Slain by a worm

Skill      XL: |  1  2 |
---------------+-------+-----
Air Magic      | 4 |  4.3
Fighting       | |  0.1
Dodging        | |  1.5
Stealth        | |  2.7
Spellcasting   | |  2.1
Conjurations   | |  1.0

Action                   || total
-------------------------++-------
Melee: Unarmed           ||    52
       Bite              ||    11
 Cast: Shock             ||    48
Evoke: Deck              ||     2
Armor: Robe              ||    19
Dodge: Dodged            ||    71
